 Dungeon Crawl Stone Soup version 0.28.0-43-g3370ac3207 (webtiles) character file.

Game seed: 2740993428089937440

6629 pkoi the Destroyer (level 10, -9/58 HPs)
             Began as a Deep Elf Conjurer on Mar 21, 2022.
             Was a Follower of Vehumet.
             Mangled by an orc knight
             ... wielding a +0 war axe
              (26 damage)
             ... in a bailey.
             The game lasted 00:21:34 (15661 turns).

pkoi the Destroyer (Deep Elf Conjurer)             Turns: 15661, Time: 00:21:35

Health: -9/58      AC:  5    Str: 10    XL:     10   Next: 72%
Magic:  1/23       EV: 15    Int: 28    God:    Vehumet [*.....]
Gold:   194        SH:  0    Dex: 13    Spells: 13/24 levels left

rFire   + . .      SeeInvis .   e - +1 whip (venom)
rCold   . . .      Faith    .   (no shield)
rNeg    . . .      Spirit   .   x - +1 robe of the Scribe {rF+ Stlth+}
rPois   .          Reflect  .   (no helmet)
rElec   .          Harm     .   w - +0 cloak
rCorr   .          Rampage  .   (no gloves)
Will    +....                   a - +0 pair of boots
Stlth   +++.......              (no amulet)
HPRegen 0.99/turn               s - +6 ring of strength
MPRegen 0.18/turn               (no ring)

@: very slightly contaminated
A: regeneration 1, screaming 1
a: Renounce Religion


You were in a bailey.
You worshipped Vehumet.
Vehumet was aware of your devotion.
You visited 2 branches of the dungeon, and saw 10 of its levels.
You also visited: Bailey.

You collected 390 gold pieces.
You spent 196 gold pieces at shops.

Inventory:

Hand Weapons
 b - a +0 whip of freezing
 e - a +1 whip of venom (weapon)
 q - a +4 flail of protection
 t - a +1 dagger of venom
Missiles
 c - 4 boomerangs of dispersal
 C - 15 poisoned darts
Armour
 a - a +0 pair of boots (worn)
 i - a +0 pair of boots
 w - a +0 cloak (worn)
 x - the +1 robe of the Scribe (worn) {rF+ Stlth+}
   (You bought it in a shop on level 3 of the Dungeon)

   rF:        It protects you from fire.
   Stlth:     It makes you more stealthy.
Jewellery
 d - a ring of ice
 s - a +6 ring of strength (left hand)
 y - a +6 ring of dexterity
Wands
 f - a wand of flame (22)
 g - a wand of paralysis (14)
 o - a wand of iceblast (13)
 z - a wand of mindburst (5)
Scrolls
 m - a scroll of enchant weapon
 n - a scroll of blinking
 u - 2 scrolls of teleportation
 B - a scroll of amnesia
Potions
 h - 2 potions of magic {unknown}
 j - 3 potions of curing
 k - a potion of attraction {unknown}
 l - 2 potions of lignification
 p - 2 potions of flight {unknown}
 r - a potion of brilliance
 v - a potion of heal wounds
 A - a potion of haste {unknown}


   Skills:
 + Level 4.6 Fighting
 + Level 7.2 Dodging
 - Level 3.0 Stealth
 + Level 7.9 Spellcasting
 * Level 9.9 Conjurations
 * Level 9.3 Hexes
 * Level 8.0 Translocations


You had 13 spell levels left.
You knew the following spells:

 Your Spells              Type           Power      Damage    Failure   Level
a - Magic Dart            Conj           100%       1d8       1%          1
b - Searing Ray           Conj           100%       2d8       1%          2
c - Iskenderun's Mystic   Conj/Tloc      57%        2d12      1%          4
d - Fulminant Prism       Conj/Hex       30%        3d16      1%          4

Your spell library contained the following spells:

 Spells                   Type           Power      Damage    Failure   Level
 Sandblast                Erth           22%        2d7       4%          1
 Shock                    Conj/Air       100%       1d9       1%          1
 Ensorcelled Hibernation  Hex/Ice        74%        N/A       1%          2
 Dazzling Flash           Conj/Hex       100%       N/A       1%          3
 Gell's Gravitas          Tloc           54%        N/A       1%          3
 Lesser Beckoning         Tloc           54%        N/A       1%          3
 Teleport Other           Tloc           54%        N/A       1%          3
 Freeze                   Ice            44%        1d6       4%          1
 Hailstorm                Conj/Ice       38%        3d9       6%          4
 Corpse Rot               Necr/Air       22%        N/A       8%          2
 Passwall                 Tmut/Erth      9%         N/A       8%          2
 Poisonous Vapours        Pois/Air       22%        N/A       8%          2
 Frozen Ramparts          Ice            22%        1d4       16%         3
 Swiftness                Air            11%        N/A       16%         3
 Airstrike                Air            5%         N/A       45%         4


Dungeon Overview and Level Annotations

Branches:
Dungeon (9/15)             Temple (1/1) D:7            Lair (0/6) D:8
 Bailey (1/1)
    Orc: D:9-12

Altars:
Ashenzari
Cheibriados
Dithmenos
Elyvilon
Fedhas
Gozag
Hepliaklqana
Kikubaaqudgha
Makhleb
Nemelex Xobeh
Okawaru
Qazlal
Ru
Trog
Uskayaw
Vehumet
Wu Jian
Xom
Yredelemnul
Zin
The Shining One

Shops:
D:3 [**!   D:8 !

Annotations:
D:6 2 runed translucent doors


Innate Abilities, Weirdness & Mutations

Your natural rate of healing is unusually fast.
You occasionally shout uncontrollably at your foes.


Message History

Press: ? - help, Dir - move target You miscast Fulminant Prism.
You are very lightly contaminated with residual magic.
Nothing appears to happen.
The orc knight hits you with a +0 war axe!
* * * LOW HITPOINT WARNING * * *
Casting: Fulminant Prism (dangerous; 1% risk of failure)
Confirm with . or Enter, or press ? or * to list all spells.
You erupt in a blast of force!
The mystic blast hits the orc knight!
The orc knight is severely wounded.
The orc knight is knocked back by the mystic blast.
The orc knight collides with the orc knight!
The orc knight is moderately wounded.
The orc knight is severely wounded.
Unknown command.
Okay, then.
Okay, then.
Okay, then.
Unknown command.
Aiming: Iceblast
Press: ? - help, Shift-Dir - straight line The mass of ice explodes!
The iceblast engulfs the orc knight!
The orc knight is almost dead.
The iceblast engulfs the orc knight!
The orc knight is heavily wounded.
You hear a shout!
Unknown command.
Casting: Iskenderun's Mystic Blast (dangerous; 1% risk of failure)
Confirm with . or Enter, or press ? or * to list all spells.
You erupt in a blast of force!
The mystic blast hits the orc knight!
The orc knight is severely wounded.
The orc knight is knocked back by the mystic blast.
The orc knight collides with the kobold brigand!
The kobold brigand is heavily wounded.
The orc knight is severely wounded.
The mystic blast hits the orc knight but does no damage.
The orc knight is almost dead.
A kobold brigand comes into view.
It is wielding a +0 war axe and quivering poisoned darts.
The orc knight hits you with a +0 war axe!!
You die...

##≈≈...(...(≈###
..≈≈..K.(..≈≈...
#≈≈.......≈≈#
##≈.....(.≈##
####.).####
#.).# #.oK#
#o)(# ##'@'##
##..∩).##
#.......#
#...∩...#
##.....##
#######


You could see 2 orc knights and 2 kobold brigands.

Vanquished Creatures
  2 two-headed ogres (D:6)
  An elephant (D:8)
  Eustachio (D:6)
  A wraith (D:5)
  A wyvern (D:8)
  5 yaks (D:8)
  2 basilisks (D:8)
  Edmund (D:4)
  2 water moccasins
  2 ice beasts
  A sky beast (D:7)
  5 orc warriors
  A necrophage (D:6)
  3 ogres (D:5)
  2 centaurs
  A phantom (D:5)
  4 kobold brigands (Bailey)
  4 bullfrogs
  3 scorpions
  A gnoll sergeant (D:8)
  A water moccasin skeleton (D:4)
  6 killer bees
  A centaur zombie (D:8)
  A bullfrog zombie (D:5)
  4 orc priests
  2 gnoll shamans
  A bullfrog skeleton (D:5)
  4 iguanas
  Jessica (D:3)
  2 centaur skeletons
  Ijyb (D:3)
  8 orc wizards
  A howler monkey zombie (D:6)
  11 gnolls
  A howler monkey skeleton (D:4)
  9 adders
  4 white imps
  2 worms (D:2)
  32 orcs
  5 bats
  9 endoplasms
  9 giant cockroaches
  6 hobgoblins
  3 jackals (D:1)
  13 kobolds
  4 quokkas
  7 ball pythons
  4 frilled lizards
  7 goblins
  6 rats
208 creatures vanquished.

Vanquished Creatures (others)
  40 fulminant prisms
  3 fungi (D:8)
  3 plants
  4 toadstools (D:1)
50 creatures vanquished.

Grand Total: 258 creatures vanquished

Notes
Turn   | Place    | Note
-------+----------+-------------------------------------------
     0 | D:1      | pkoi the Deep Elf Conjurer began the quest for the Orb.
     0 | D:1      | Reached XP level 1. HP: 10/10 MP: 6/6
   201 | D:1      | Reached XP level 2. HP: 15/15 MP: 1/8
   851 | D:1      | Learned a level 2 spell: Searing Ray
   859 | D:1      | Reached XP level 3. HP: 20/20 MP: 6/9
  1164 | D:2      | Found a faded altar of an unknown god.
  1344 | D:2      | Reached skill level 5 in Conjurations
  1358 | D:2      | Reached skill level 1 in Fighting
  1703 | D:2      | Reached XP level 4. HP: 21/25 MP: 4/11
  2263 | D:2      | Learned a level 4 spell: Iskenderun's Mystic Blast
  2428 | D:3      | Found Naharuwn's Antique Armour Emporium.
  2619 | D:3      | Found Wygoista's General Store.
  2627 | D:3      | Bought 2 potions of degeneration for 28 gold pieces
  2667 | D:3      | Reached XP level 5. HP: 29/29 MP: 8/13
  2774 | D:3      | Found Ecroqi's Assorted Antiques.
  2796 | D:3      | Noticed Jessica
  2800 | D:3      | Killed Jessica
  2801 | D:3      | Reached skill level 1 in Translocations
  2948 | D:3      | Found Guaw's Distillery.
  3498 | D:4      | Learned a level 4 spell: Fulminant Prism
  3555 | D:4      | Noticed Ijyb
  3572 | D:4      | Reached skill level 1 in Hexes
  3572 | D:4      | Reached XP level 6. HP: 13/35 MP: 7/14
  3579 | D:3      | Gained mutation: You are weak. (Str -2) [potion of
                  | mutation]
  3579 | D:3      | Gained mutation: Your body sometimes deteriorates upon
                  | taking damage. [potion of mutation]
  3590 | D:3      | Killed Ijyb
  4395 | D:4      | Noticed Edmund
  5273 | D:4      | Reached XP level 7. HP: 21/40 MP: 10/16
  5740 | D:5      | Entered Level 5 of the Dungeon
  6401 | D:5      | Found a basalt altar of Yredelemnul.
  6401 | D:5      | Found a glowing silver altar of Zin.
  6425 | D:5      | Noticed a wraith
  6621 | D:4      | Killed Edmund
  6622 | D:4      | Reached skill level 5 in Spellcasting
  7052 | D:5      | Reached XP level 8. HP: 35/45 MP: 9/18
  7330 | D:5      | Reached skill level 5 in Dodging
  7649 | D:5      | Reached skill level 5 in Hexes
  8017 | D:5      | Found an iron altar of Okawaru.
  8578 | D:5      | Found a shimmering altar of Xom.
  8584 | D:5      | Found a blossoming altar of Fedhas.
  8944 | D:6      | Noticed Eustachio
  8948 | D:6      | Reached skill level 5 in Translocations
  9041 | D:6      | Noticed a two-headed ogre
  9071 | D:6      | Killed a two-headed ogre
  9072 | D:6      | Reached XP level 9. HP: 51/51 MP: 6/20
  9347 | D:6      | Found a runed translucent door.
  9349 | D:6      | Found a runed translucent door.
  9559 | D:6      | Killed Eustachio
 10071 | D:6      | Noticed a two-headed ogre
 10080 | D:6      | Killed a two-headed ogre
 11119 | D:3      | Bought a ripped robe for 108 gold pieces
 11119 | D:3      | Identified the +1 robe of the Scribe {rF+ Stlth+} (You
                  | bought it in a shop on level 3 of the Dungeon)
 11717 | D:7      | Reached XP level 10. HP: 56/56 MP: 10/22
 11891 | D:7      | Found a staircase to the Ecumenical Temple.
 11895 | Temple   | Entered the Ecumenical Temple
 12165 | Temple   | Became a worshipper of Vehumet
 12379 | D:7      | Found an ornate altar of the Wu Jian Council.
 12388 | D:7      | Found a sparkling altar of Nemelex Xobeh.
 12746 | D:8      | Noticed an elephant
 12758 | D:8      | Killed an elephant
 13369 | D:8      | Found a staircase to the Lair.
 13372 | D:8      | Lost mutation: You are weak. (Str -2) [potion of mutation]
 13372 | D:8      | Lost mutation: Your body sometimes deteriorates upon taking
                  | damage. [potion of mutation]
 13372 | D:8      | Gained mutation: You occasionally shout uncontrollably at
                  | your foes. [potion of mutation]
 13372 | D:8      | Gained mutation: Your natural rate of healing is unusually
                  | fast. [potion of mutation]
 13743 | D:8      | Reached * piety under Vehumet
 13743 | D:8      | Offered knowledge of Sandblast by Vehumet.
 14500 | D:8      | Found Jugiuvon's Distillery.
 14505 | D:8      | Bought a potion of heal wounds for 60 gold pieces
 14985 | D:9      | Found a flagged portal.
 14994 | Bailey   | Entered a bailey
 15652 | Bailey   | Noticed an orc knight
 15654 | Bailey   | Noticed an orc knight
 15661 | Bailey   | Mangled by an orc knight

Illustrated notes

Levels and vault maps discovered:
D:1:      ldierk_walled_garden_2, layout_loops_ring
D:2:      layout_rooms, chequers_ecumenical_altar_simple
D:3:      layout_basic, serial_shops, nicolae_shop_overgrown_old_shop,
          shop_fountains, shop, shop_fountains, gup_sewer_entry_glass,
          kennysheep_generic_room_4, uniq_jessica
D:4:      minmay_general_purpose_star, layout_basic, uniq_ijyb, uniq_edmund
D:5:      layout_basic, grunt_temple_overflow_open, jmf_multi_god_temple
D:6:      lemuel_insect_pit, layout_loops_ring, uniq_eustachio
D:7:      layout_cave_pools, mainiacjoe_overflow_swirl,
          minmay_temple_entry_glassed_door
D:8:      layout_basic, david_lair_generic, serial_shops, nicolae_shop_crystal
D:9:      layout_basic, enter_bailey_2
Temple:   minmay_temple_curvy_branch
Bailey:   bailey_axe_3, bailey

Skill      XL: |  1  2  3  4  5  6  7  8  9 10 |
---------------+-------------------------------+-----
Conjurations   | 5 6 7 8 9 |  9.9
Fighting       | 1 2 3 4 |  4.6
Dodging        | 3 4 5 6 7 |  7.2
Spellcasting   | 4 5 6 7 |  7.9
Translocations | 1 2 4 5 6 8 |  8.0
Hexes          | 1 2 4 6 7 9 |  9.3
Stealth        | 3 |  3.0

Action                   |  1- 3 |  4- 6 |  7- 9 | 10-12 || total
-------------------------+-------+-------+-------+-------++-------
Melee: Whip              |       |    30 |    15 |     7 ||    52
       Punch             |       |       |     1 |       ||     1
 Cast: Magic Dart        |    81 |    94 |   100 |    51 ||   326
       Searing Ray       |       |     8 |    13 |     1 ||    22
       Iskenderun's Myst |       |       |    21 |    32 ||    53
       Fulminant Prism   |       |       |    24 |    16 ||    40
Evoke: Wand              |       |     2 |     3 |     2 ||     7
  Use: Scroll            |       |     8 |       |     6 ||    14
       Potion            |       |     1 |       |     1 ||     2
 Stab: Paralysed         |       |     9 |    10 |       ||    19
       Sleeping          |       |     1 |       |       ||     1
Armor: Robe              |     1 |     8 |     8 |     3 ||    20
Dodge: Dodged            |     4 |    38 |    31 |    30 ||   103
